 Dungeon Crawl Stone Soup version 0.27.1 (webtiles) character file.

Game seed: 2042413187342897636

2024 ABBCCCDDDD the Skirmisher (level 9, -8/62 HPs)
             Began as an Octopode Abyssal Knight on Sept 2, 2021.
             Was an Elder of Lugonu.
             Shot with an arrow by a centaur (11 damage)
             ... on level 7 of the Dungeon.
             The game lasted 00:18:43 (9516 turns).

ABBCCCDDDD the Skirmisher (Octopode Abyssal Knight) Turns: 9516, Time: 00:18:44

Health: -8/62      AC:  1    Str: 11    XL:     9   Next: 23%
Magic:  14/14      EV: 13    Int: 18    God:    Lugonu [****..]
Gold:   325        SH:  4    Dex: 11    Spells: 8/15 levels left

rFire    . . .     SeeInvis .     - Unarmed
rCold    . . .     Faith    .   w - +0 buckler
rNeg     . . .     Spirit   .   (helmet restricted)
rPois    +         Reflect  .   e - amulet of magic regeneration
rElec    .         Harm     .   n - ring of poison resistance
rCorr    .         Rampage  .   (no ring)
Will     .....                  (no ring)
Stlth    ++........             (no ring)
HPRegen  0.20/turn              (no ring)
MPRegen  0.39/turn              (no ring)
                                (no ring)
                                (no ring)

@: no status effects
A: almost no armour, amphibious, 8 rings, camouflage 1, gelatinous body 1,
(nimble swimmer 1), tentacles
a: Renounce Religion, Depart the Abyss, Bend Space, Banish, Corrupt


You were on level 7 of the Dungeon.
You worshipped Lugonu.
Lugonu was greatly pleased with you.
You visited 1 branch of the dungeon, and saw 7 of its levels.
You visited the Abyss 1 time.

You collected 325 gold pieces.

Inventory:

Hand Weapons
 l - a +0 spear
Missiles
 h - 249 stones
 j - 29 poisoned darts (quivered)
Armour
 i - a +0 kite shield
 w - a +0 buckler (worn)
Jewellery
 e - an amulet of magic regeneration (around mantle)
 n - a ring of poison resistance (left tentacle)
Wands
 o - a wand of iceblast (3)
 p - a wand of charming (9)
 v - a wand of flame (9)
Scrolls
 b - 2 scrolls of blinking
 c - a scroll of amnesia
 g - a scroll of vulnerability
 m - a scroll of teleportation
 x - a scroll of enchant armour {unknown}
 y - a scroll of magic mapping {unknown}
Potions
 d - a potion of resistance
 f - a potion of ambrosia {unknown}
 k - 3 potions of heal wounds {unknown}
 q - a potion of attraction {unknown}
 r - 2 potions of magic {unknown}
 s - a potion of invisibility {unknown}
 t - 2 potions of brilliance {unknown}
 u - a potion of might {unknown}


   Skills:
 - Level 6.0 Fighting
 - Level 2.3 Dodging
 - Level 4.0 Shields
 + Level 5.3 Unarmed Combat
 - Level 3.7 Spellcasting
 + Level 5.7 Conjurations
 - Level 2.0 Invocations
 - Level 4.0 Evocations


You had 8 spell levels left.
You knew the following spells:

 Your Spells              Type           Power      Damage    Failure   Level
a - Orb of Destruction    Conj           12%        9d6       100%        7

Your spell library contained the following spells:

 Spells                   Type           Power      Damage    Failure   Level
 Sublimation of Blood     Necr           1%         N/A       22%         2
 Wereblood                Tmut           3%         N/A       22%         2
 Summon Guardian Golem    Hex/Summ       3%         N/A       41%         3
 Spellforged Servitor     Conj/Summ      6%         N/A       100%        7
 Summon Hydra             Summ           1%         N/A       100%        7


Dungeon Overview and Level Annotations

Branches:
Dungeon (7/15)
 Temple: D:4-7

Altars:
Dithmenos
Elyvilon
Fedhas
Gozag
Kikubaaqudgha
Trog
Vehumet
Zin

Shops:
D:1 ?[[*

Annotations:
D:4 4 runed translucent doors
D:7 1 transporter


Innate Abilities, Weirdness & Mutations

You cannot wear most types of armour.
You are amphibious.
You can wear up to eight rings at the same time.
Your skin changes colour to match your surroundings (Stealth+).
Your rubbery body absorbs attacks. (AC +1, EV +1)
((You are camouflaged near water. (Stealth+)))
You have tentacles for arms and can constrict up to eight enemies at once.


Message History

Press: ? - help, Q - select action, (/) - cycle Shift-Dir - straight line, f - orc wizard
Aim: an orc wizard, wielding a +0 dagger and wearing a +0 robe (50% to hit)
You throw a poisoned dart.
The poisoned dart completely misses the orc wizard.
You closely miss the orc wizard. You grab the orc wizard.
You constrict the orc wizard.
The orc shouts!
The orc wizard barely misses you.
You tentacle-slap the orc wizard.
The orc wizard is lightly wounded.
You constrict the orc wizard.
A killer bee zombie comes into view.
The orc wizard points at you and mumbles some strange words.
The puff of flame hits you.
You tentacle-slap the orc wizard.
The orc wizard is severely wounded.
You constrict the orc wizard.
An orc priest comes into view. It is wielding a +0 club.
The orc wizard hits you with a +0 dagger.
* * * LOW HITPOINT WARNING * * *
The orc priest shouts!
You bludgeon the orc wizard!
You kill the orc wizard!
Lugonu accepts your kill.
Training target 6.0 for Fighting reached!
Your Fighting skill increases to level 6!
As you read the scroll of teleportation, it crumbles to dust.
You feel strangely unstable.
The centaur shouts!
The centaur shoots an arrow.
The arrow completely misses you.
The centaur shoots an arrow.
The arrow hits you!
* * * LOW HITPOINT WARNING * * *
You feel better.
The centaur shoots an arrow.
The arrow barely misses you.
The arrow barely misses the killer bee zombie.
The centaur shoots an arrow.
The arrow hits you!
* * * LOW HITPOINT WARNING * * *
The killer bee zombie closely misses you.
Your surroundings seem slightly different.
Found a transporter.
The centaur shoots an arrow.
The arrow hits you!
You die...

# # ##...# .. + © ###....+ ... #
.. ###......# ...# ####..
....#....##....#....... ........
#.............#....... ..(.....#
#.....$.............# ........#
#...................# ........#
#.....@.............# .)......#
#...................# ........#
#...................###
........###........c..§.Z.o......
)...........$.......#######......
....................# oo.(.
....................# ....
########........##### o..
#........# ..


You could see a centaur.

Levels and vault maps discovered:
D:1:      nzn_arrival_crosshair, layout_basic, serial_shops, shop_statue,
          nicolae_shop_waterfront, nicolae_lakefront_shop, nicolae_shop_stone
D:2:      layout_rooms, grunt_ministairs_2
D:3:      layout_basic, kennysheep_generic_room_12
D:4:      layout_basic, mainiacjoe_overflow_brackets,
          minmay_hollow_rounded_squares, uniq_robin
D:5:      layout_basic, grunt_temple_overflow_cloverleaf,
          mainiacjoe_overflow_catwalk_spiral
D:6:      layout_loops_ring, mainiacjoe_overflow_small_starburst,
          amethyst_killhole, skrybe_limestone_x
D:7:      layout_basic, cheibriados_altar_1, hangedman_ru_absence,
          minmay_temple_entry_purple_smoke, gammafunk_ghost_wrathful_warriors,
          hex_tiny

Notes
Turn   | Place    | Note
-------+----------+-------------------------------------------
     0 | Abyss:1  | ABBCCCDDDD the Octopode Abyssal Knight began the quest for
                  | the Orb.
     0 | Abyss:1  | Reached XP level 1. HP: 16/16 MP: 2/2
    53 | Abyss:1  | Noticed a golden eye
    54 | D:1      | Escaped the Abyss
   314 | D:1      | Found Peacaara's Armour Boutique.
   466 | D:1      | Reached XP level 2. HP: 21/21 MP: 3/3
   470 | D:1      | Reached skill level 1 in Spellcasting
   499 | D:1      | Found Qoastrooff's Magic Scroll Boutique.
   666 | D:1      | Reached * piety under Lugonu
   744 | D:1      | Reached XP level 3. HP: 24/26 MP: 5/5
   910 | D:1      | Found Cemoshiu's Assorted Antiques.
   996 | D:1      | Found Toanwub's Antique Armour Shop.
  1626 | D:2      | Reached XP level 4. HP: 29/31 MP: 7/7
  1953 | D:2      | Reached ** piety under Lugonu
  3312 | D:4      | Reached XP level 5. HP: 36/36 MP: 8/8
  3473 | D:4      | Found an opulent altar of Gozag.
  3505 | D:4      | Found a large runed translucent door.
  3505 | D:4      | Found a large runed translucent door.
  3508 | D:4      | Noticed a centaur
  3508 | D:4      | Noticed an orc warrior
  3580 | D:4      | Found a large runed translucent door.
  3580 | D:4      | Found a large runed translucent door.
  3668 | D:4      | Reached skill level 1 in Evocations
  3709 | D:4      | Reached *** piety under Lugonu
  3812 | D:4      | Noticed Robin
  4060 | D:5      | Entered Level 5 of the Dungeon
  4085 | D:5      | Reached XP level 6. HP: 11/43 MP: 10/10
  4666 | D:5      | Reached skill level 4 in Fighting
  4694 | D:5      | Found a radiant altar of Vehumet.
  4722 | D:5      | Noticed an orc warrior
  4722 | D:5      | Noticed a black bear
  5151 | D:4      | Killed Robin
  5549 | D:4      | Killed an orc warrior
  5550 | D:4      | Reached XP level 7. HP: 16/49 MP: 12/12
  5586 | D:4      | Identified the +11 hand crossbow "Xinuank" {flame, rPois}
  6325 | D:4      | Learned a level 7 spell: Orb of Destruction
  6463 | D:5      | Reached skill level 1 in Conjurations
  6932 | D:5      | Found a blossoming altar of Fedhas.
  7423 | D:5      | Found a white marble altar of Elyvilon.
  7423 | D:5      | Found an ancient bone altar of Kikubaaqudgha.
  7423 | D:5      | Found a glowing silver altar of Zin.
  7423 | D:5      | Found a bloodstained altar of Trog.
  7634 | D:5      | Reached skill level 1 in Shields
  7634 | D:5      | Reached XP level 8. HP: 54/54 MP: 13/13
  7965 | D:6      | Found a shadowy altar of Dithmenos.
  8228 | D:6      | Reached **** piety under Lugonu
  8584 | D:6      | Reached skill level 5 in Fighting
  9220 | D:7      | Reached skill level 5 in Conjurations
  9231 | D:7      | Noticed a two-headed ogre
  9235 | D:7      | Killed a two-headed ogre
  9236 | D:7      | Reached skill level 5 in Unarmed Combat
  9236 | D:7      | Reached XP level 9. HP: 35/62 MP: 14/14
  9512 | D:7      | Reached skill level 6 in Fighting
  9515 | D:7      | HP: 2/62 [centaur/arrow (8)]
  9516 | D:7      | Found a transporter.
  9516 | D:7      | Shot with an arrow by a centaur

Table legend: (Time is in decaauts)
 A = Elapsed time spent in this place.
 B = Non-inter-level travel time spent in this place.
 C = Inter-level travel time spent in this place.
 D = Time resting spent in this place.
 E = Time spent auto-exploring this place.
 F = Levels seen in this place.
 G = Mean time per level.
                   A        B        C        D        E       F      G
               +--------+--------+--------+--------+--------+-----+--------+
         Total |   9513 |   9069 |    444 |   2814 |   4344 |   8 | 1189.1 |
       Dungeon |   9459 |   9015 |    444 |   2814 |   4297 |   7 | 1351.3 |
         Abyss |     54 |     54 |      0 |      0 |     47 |   1 |   54.0 |
               +--------+--------+--------+--------+--------+-----+--------+

Top non-repeatable levels by time:
     D:4: 2420 daAuts
     D:5: 1928 daAuts
     D:3: 1429 daAuts
     D:1: 1270 daAuts
     D:6: 1199 daAuts
     D:2: 881 daAuts
     D:7: 330 daAuts
 Abyss:1: 54 daAuts

Table legend:
 A = Kills in this place as a percentage of kills in entire the game.
 B = Kills by you in this place as a percentage of kills by you in the entire game.
 C = Kills by friends in this place as a percentage of kills by friends in the entire game.
 D = Other kills in this place as a percentage of other kills in the entire game.
 E = Experience gained in this place as a percentage of experience gained in the entire game.
 F = Experience gained in this place divided by the number of levels of this place that you have seen.
                   A       B       C       D       E      F
               +-------+-------+-------+-------+-------+----------------------
         Total | 100.0 | 100.0 | 100.0 |   N/A | 100.0 | 361.5
       Dungeon | 100.0 | 100.0 | 100.0 |   N/A | 100.0 | 413.1
               +-------+-------+-------+-------+-------+----------------------

Action                   |  1- 3 |  4- 6 |  7- 9 || total
-------------------------+-------+-------+-------++-------
Melee: Unarmed           |    99 |   182 |   108 ||   389
       Tentacles         |    18 |    30 |    24 ||    72
       Constrict         |    22 |    45 |    23 ||    90
       Punch             |     2 |     3 |     3 ||     8
Throw: Dart              |       |    31 |    35 ||    66
Invok: Depart the Abyss  |     1 |       |       ||     1
Evoke: Wand              |       |       |    13 ||    13
  Use: Scroll            |       |     6 |     5 ||    11
       Potion            |       |       |     2 ||     2
 Stab: Sleeping          |     8 |    11 |     1 ||    20
Armor: Skin              |     3 |     6 |     6 ||    15
Dodge: Dodged            |    52 |    77 |    64 ||   193
Block: Kite shield       |     3 |       |       ||     3
       Buckler           |       |       |     9 ||     9

Vanquished Creatures
  A two-headed ogre (D:7)
  A water moccasin (D:6)
  An orc warrior (D:4)
  A black bear (D:5)
  A necrophage (D:5)
  2 ogres
  A kobold brigand (D:6)
  A bullfrog (D:6)
  A scorpion (D:7)
  A water moccasin zombie (D:5)
  A water moccasin skeleton (D:6)
  2 jellies
  A centaur skeleton (D:5)
  An orc priest (D:5)
  An iguana (D:5)
  6 orc wizards
  A howler monkey zombie (D:6)
  Robin (D:4)
  A gnoll (D:4)
  7 adders
  An adder skeleton (D:4)
  2 worms
  3 dart slugs
  17 orcs
  10 endoplasms
  5 giant cockroaches
  20 goblins
  12 hobgoblins
  3 jackals (D:1)
  10 quokkas
  12 ball pythons
  4 bats
  6 frilled lizards
  15 kobolds
  5 rats
158 creatures vanquished.

Vanquished Creatures (collateral kills)
  A necrophage (D:6)
  A bullfrog (D:7)
2 creatures vanquished.

Grand Total: 160 creatures vanquished
